[Event "Early-Titled-Tuesday-Blitz-April-02-2024"]
[Site "Chess.com"]
[Date "2024.04.02"]
[Round "4"]
[White "Kazmin_Semyon"]
[Black "francyIM"]
[Result "1-0"]
[WhiteElo "2609"]
[BlackElo "2792"]
[TimeControl "180+1"]
[EndTime "8:38:09 PDT"]
[Termination "Kazmin_Semyon won by resignation"]

1. e4 Nc6 2. Nf3 e5 3. Bc4 Bc5 4. c3 d6 5. d3 Bb6 6. a4 a5 7. Nbd2 f5 8. Qb3 Nh6 9. exf5 Bxf5 10. Ne4 Qe7 11. Bg5 Qf8 12. Be6 Ra6 13. O-O Nd8 14.
Bc4 Ra8 15. Ng3 Bg4 16. Nd2 Nhf7 17. Be3 Bxe3 18. fxe3 Qe7 19. Nf5 Bxf5 20. Rxf5 c6 21.
e4 Nh6 22. Rf3 Rf8 23. Raf1 Rxf3 24. Nxf3 Kd7 25. h3 Kc7 26. Qd1 Ndf7 27. b4 axb4 28.
cxb4 Ng5 29. Nxg5 Qxg5 30. b5 Qe7 31. bxc6 bxc6 32. Qc2 Kd7 33. Qb3 Qd8 34. Qb7+ Ke8 35. Bf7+ Kf8 36. Be6+ Ke8 37. Qxg7 1-0

[Event "Early-Titled-Tuesday-Blitz-April-02-2024"]
[Site "Chess.com"]
[Date "2024.04.02"]
[Round "4"]
[White "Predator0608"]
[Black "PavelShkapenko"]
[Result "1-0"]
[WhiteElo "2568"]
[BlackElo "2689"]
[TimeControl "180+1"]
[EndTime "8:38:09 PDT"]
[Termination "Predator0608 won by resignation"]

1. e4 e5 2. Nf3 Nc6 3. Bc4 d6 4. d4 Nf6 5. dxe5 dxe5 6. Qxd8+ Nxd8 7. O-O Nc6 8. Ng5 h6 9. Nxf7 Rh7 10. f4 Bc5+ 11.
Kh1 Ng4 12. h3 Nf2+ 13. Kh2 g6 14. Nxe5 Nxe5 15. fxe5 Re7 16. Nc3 Rxe5 17. Bxh6 Rh5 18. Bf4 Ng4+ 19. Kg3 Ne3 20. Bxe3 Bxe3 21. Bf7+ Kd7 22.
Bxg6 Rg5+ 23. Kf3 Rxg6 24. Kxe3 Rxg2 25. Rad1+ Ke8 26. Nd5 Rg7 27. Nf6+ Ke7 28. Nd5+ Ke8 29.
Rg1 Rh7 30. Nf6+ Kf7 31. Nxh7 1-0

[Event "Early-Titled-Tuesday-Blitz-April-02-2024"]
[Site "Chess.com"]
[Date "2024.04.02"]
[Round "4"]
[White "BardArtem"]
[Black "Rud_Makarian"]
[Result "0-1"]
[WhiteElo "2845"]
[BlackElo "3026"]
[TimeControl "180+1"]
[EndTime "8:38:10 PDT"]
[Termination "Rud_Makarian won by resignation"]

1. d4 Nf6 2. Nc3 d6 3. e4 e5 4. Nf3 Nbd7 5. Bc4 Be7 6. O-O O-O 7. Re1 c6 8. a4 exd4 9. Nxd4 Ne5 10. Ba2 Re8 11.
h3 Ng6 12. Nf3 h6 13. Be3 Bf8 14. Nd4 Qc7 15. Qf3 Ne5 16. Qg3 Kh7 17. Rad1 a6 18. f3 b5 19. Bb3 b4 20. Nb1 c5 21. Ne2 c4 22. Ba2 Bd7 23. Nf4 Bxa4 24. Qf2 b3 25. Nc3 bxc2 26. Rc1 Bb3 27. Ncd5 Nxd5 28. Nxd5 Qb7 29.
Ra1 a5 30. Qd2 Nd3 31. Rf1 a4 32. Kh1 Nxb2 33. Bxh6 Nd3 34. Qg5 Re6 35. Qf5+ g6 0-1

[Event "Early-Titled-Tuesday-Blitz-April-02-2024"]
[Site "Chess.com"]
[Date "2024.04.02"]
[Round "4"]
[White "Kushch_Nikolai"]
[Black "DonCiao"]
[Result "1/2-1/2"]
[WhiteElo "2438"]
[BlackElo "2018"]
[TimeControl "180+1"]
[EndTime "8:38:11 PDT"]
[Termination "Game drawn by agreement"]

1. Nf3 Nf6 2. c4 g6 3. d4 Bg7 4.
g3 d5 5. cxd5 Nxd5 6. Bg2 Nb6 7.
O-O Nc6 8. e3 O-O 9. Nc3 Re8 10.
d5 Na5 11. e4 c6 12. h3 cxd5 13. Nxd5 Be6 14. Nxb6 Qxb6 15. Ng5 Bc4 16. Re1 Red8 17. Qa4 Bb5 18. Qb4 Nc6 19. Qa3 Nd4 20. Be3 Qd6 21. Qxd6 Rxd6 22. Bxd4 Rxd4 23. Nf3 Rd3 24.
Rab1 Rad8 25. e5 Bc6 26. Ng5 Bxg2 27. Kxg2 Rd2 28. e6 f5 29. Nf3 Rc2 30. Rec1 Rdc8 31. Rxc2 Rxc2 32. b3 Rxa2 33. Rc1 Bf6 34. Rc7 b5 35.
Rb7 a6 36. g4 fxg4 37. hxg4 h6 38. g5 hxg5 39. Nh2 Bd4 40. Rxe7 Rxf2+ 41. Kg3 Rf6 42. Ng4 Rf1 43. Rd7 Bc5 44. e7 Bxe7 45. Rxe7 Rb1 46. Re3 a5 47. Ne5 a4 48. bxa4 bxa4 49. Nc4 Rb3 50.
Kf3 Rxe3+ 51. Kxe3 Kf7 52. Ke4 Kf6 53. Na3 Ke6 54.
Nc4 Kf6 1/2-1/2

[Event "Early-Titled-Tuesday-Blitz-April-02-2024"]
[Site "Chess.com"]
[Date "2024.04.02"]
[Round "4"]
[White "GMAneta"]
[Black "frequentblunders"]
[Result "0-1"]
[WhiteElo "2500"]
[BlackElo "2229"]
[TimeControl "180+1"]
[EndTime "8:38:11 PDT"]
[Termination "frequentblunders won on time"]

1. d4 e6 2. Nf3 c5 3. g3 Nf6 4. Bg2 Nc6 5. O-O Be7 6. c4 cxd4 7. Nxd4 O-O 8. Nc3 h6 9. b3 d5 10. cxd5 exd5 11. Bb2 Bg4 12. Rc1 Qd7 13. Ncb5 Rac8 14. Qd2 Bh3 15. Rfd1 Bxg2 16. Kxg2 Ne4 17. Qd3 a6 18. Nxc6 bxc6 19. Nd4 Rfe8 20. Rc2 g6 21. Nf3 Qe6 22. Rdc1 Bf6 23. Bxf6 Qxf6 24. Qxa6 Ng5 0-1

[Event "Early-Titled-Tuesday-Blitz-April-02-2024"]
[Site "Chess.com"]
[Date "2024.04.02"]
[Round "4"]
[White "IsuruAlahakoon"]
[Black "Ginger_GM"]
[Result "0-1"]
[WhiteElo "2401"]
[BlackElo "2622"]
[TimeControl "180+1"]
[EndTime "8:38:15 PDT"]
[Termination "Ginger_GM won by resignation"]

1. Nf3 f5 2. d3 Nc6 3. e4 e5 4. Nc3 Nf6 5. exf5 d5 6. d4 exd4 7.
Nxd4 Nxd4 8. Qxd4 Bxf5 9. Bg5 Bxc2 10. Qd2 Bg6 11. O-O-O c6 12. Bd3 Bxd3 13. Qxd3 Be7 14. Bxf6 Bxf6 15. Rhe1+ Kf7 16. Qf5 Qc8 17. Qh5+ g6 18. Qf3 Qf5 19. Qxf5 gxf5 20. Ne2 Rae8 21. Ng3 Kg6 22. Ne2 Bg5+ 23. Kc2 h5 24. f4 Bf6 25. Rd3 Re4 26. Rg3+ Kf7 27. Rb3 b6 28. a4 Rhe8 29.
Kd2 Bd4 30. a5 Bf2 31. axb6 axb6 32. Ra1 Rxe2+ 33. Kd3 R8e3+ 34. Kd4 0-1

[Event "Early-Titled-Tuesday-Blitz-April-02-2024"]
[Site "Chess.com"]
[Date "2024.04.02"]
[Round "4"]
[White "wonderfultime"]
[Black "MKlose11"]
[Result "1-0"]
[WhiteElo "2972"]
[BlackElo "2612"]
[TimeControl "180+1"]
[EndTime "8:38:16 PDT"]
[Termination "wonderfultime won by resignation"]

1. d4 Nf6 2. Nf3 c5 3. c3 b6 4. Bf4 d6 5. Nbd2 g6 6. e4 Bg7 7. Bd3 O-O 8. O-O Ba6 9. Bxa6 Nxa6 10. Qe2 Nc7 11. e5 dxe5 12. Bxe5 cxd4 13. Nxd4 Qd7 14.
Rfe1 Rfe8 15. Rad1 Ne6 16. N2f3 Nxd4 17. Nxd4 Rad8 18.
h3 h5 19. Qf3 Qd5 20. Qxd5 Rxd5 21.
Nc6 Rxd1 22. Rxd1 a6 23. c4 Kf8 24. b4 Rc8 25. b5 axb5 26. cxb5 Ra8 27. Bc7 Ne4 28.
Bxb6 Nc3 29. Rd8+ Rxd8 30. Bxd8 Nxb5 31. a4 Nd4 32. Bxe7+ Ke8 33. Nxd4 Bxd4 34. Bb4 Kd7 35. Kf1 Kc6 36. Ke2 Kd5 37. Bd2 f5 38. a5 Kc6 39.
a6 Be5 40. f4 Bd6 41. Be3 Be7 42. Kd3 Bf6 43. Kc4 Bg7 44. a7 Kb7 45. Kd5 Bb2 46. Ke6 1-0

[Event "Early-Titled-Tuesday-Blitz-April-02-2024"]
[Site "Chess.com"]
[Date "2024.04.02"]
[Round "4"]
[White "trriinu"]
[Black "Savagelittlemole"]
[Result "0-1"]
[WhiteElo "2295"]
[BlackElo "2517"]
[TimeControl "180+1"]
[EndTime "8:38:17 PDT"]
[Termination "Savagelittlemole won on time"]

1. e4 c5 2. Nf3 d6 3. Bb5+ Bd7 4.
Bxd7+ Nxd7 5. O-O g6 6. c3 Bg7 7. d4 cxd4 8. cxd4 Ngf6 9. Nc3 O-O 10. Re1 e5 11. d5 a6 12. Bg5 b5 13. a3 Rc8 14.
Nd2 Nc5 15. Qe2 Qb6 16. Kh1 Qb7 17. Qf3 Ne8 18. Qh3 f6 19. Bh6 Qd7 20. Qh4 Nd3 21. Re3 Nxf2+ 22. Qxf2 Bxh6 23. Rh3 Bg7 24. Rf1 f5 25. Qh4 h6 26. Nf3 fxe4 27. Nxe4 Rf4 28.
Qg3 Rxe4 29. Qxg6 Rg4 30. Qd3 e4 31. Qd1 exf3 32. Qxf3 Nf6 33. Rg3 Rxg3 34. Qxg3 Rf8 35. Re1 Nxd5 36. h4 Nf4 37. h5 Nxh5 38. Qg6 Qf7 39. Qd3 d5 0-1

[Event "Early-Titled-Tuesday-Blitz-April-02-2024"]
[Site "Chess.com"]
[Date "2024.04.02"]
[Round "4"]
[White "chucksterf10"]
[Black "NastyaHn"]
[Result "0-1"]
[WhiteElo "2649"]
[BlackElo "2461"]
[TimeControl "180+1"]
[EndTime "8:38:18 PDT"]
[Termination "NastyaHn won by resignation"]

1. Nc3 e6 2. d4 d5 3. Bf4 Nf6 4. e3 Bb4 5. Ne2 Ne4 6. a3 Bxc3+ 7. Nxc3 Nxc3 8. bxc3 c5 9. c4 Nc6 10. cxd5 exd5 11. c3 O-O 12. Bd3 cxd4 13. cxd4 Qa5+ 14. Kf1 Ne7 15. h4 Bf5 16. g4 Bxd3+ 17. Qxd3 Rac8 18.
Kg2 Qc3 19. Qb5 Qc6 20. Qb1 Qe6 21. f3 b6 22. h5 h6 23. Qd3 Rc4 24. Rac1 Rfc8 25.
Rxc4 Rxc4 26. Be5 Qc6 27. g5 Rc2+ 28. Kg3 Qc3 29. Qxc3 Rxc3 30. gxh6 gxh6 31. Kf4 Kf8 32. Rg1 Rc6 33. e4 f6 34. Bb8 a5 35. a4 Kf7 36.
Rb1 Rc4 37. Rxb6 Rxd4 38. Bd6 dxe4 39. fxe4 Nd5+ 40. Kf5 Nxb6 41. Bc5 Rxa4 42. Bxb6 Ra1 43. Bd4 Rf1+ 44. Kg4 a4 45. Bc5 Ra1 46. Kf3 a3 47. Kg2 a2 48. Bd4 Rd1 49. Bc3 a1=Q 50. Bxa1 Rxa1 51. Kg3 Ke6 52. Kf4 Rf1+ 53. Kg4 Ke5 54. Kh4 Kxe4 55. Kg4 f5+ 56. Kh4 f4 57. Kg4 f3 58.
Kh3 Rg1 59. Kh2 f2 60. Kh3 f1=Q+ 61. Kh4 Qf4+ 0-1

[Event "Early-Titled-Tuesday-Blitz-April-02-2024"]
[Site "Chess.com"]
[Date "2024.04.02"]
[Round "4"]
[White "InitiatingASC"]
[Black "AnaKuchava"]
[Result "0-1"]
[WhiteElo "2344"]
[BlackElo "2175"]
[TimeControl "180+1"]
[EndTime "8:38:18 PDT"]
[Termination "AnaKuchava won by resignation"]

1. Nf3 d5 2. b3 c5 3. Bb2 Nc6 4. e3 Nf6 5. c4 d4 6. exd4 cxd4 7. d3 e5 8. Be2 Bd6 9. O-O O-O 10. Ba3 Bf5 11. Re1 h6 12. Bf1 Re8 13. Bxd6 Qxd6 14.
a3 a5 15. Nbd2 Rab8 16. Qc2 b5 17. cxb5 Rxb5 18. Nc4 Qb8 19. Nfd2 Rc8 20. Qd1 Nd5 21. Qf3 Be6 22. Qg3 Nf4 23. Nxe5 Rxe5 24. Qxf4 Rxe1 25. Qxb8 Rxf1+ 26. Kxf1 Rxb8 27. Rb1 Ne5 28. Ke2 Bf5 29. Ne4 Bxe4 30. dxe4 g5 31. g3 g4 32. b4 axb4 33.
axb4 Rb5 34. Kd2 Kg7 35. Kc2 Kf6 36. Kb3 Nd3 37. Kc4 Rxb4+ 38. Rxb4 Nxb4 39. Kxb4 Ke5 0-1

[Event "Early-Titled-Tuesday-Blitz-April-02-2024"]
[Site "Chess.com"]
[Date "2024.04.02"]
[Round "4"]
[White "karinachess1"]
[Black "bubeliang"]
[Result "0-1"]
[WhiteElo "2610"]
[BlackElo "2787"]
[TimeControl "180+1"]
[EndTime "8:38:19 PDT"]
[Termination "bubeliang won on time"]

1. d4 d5 2. c4 e6 3. Nc3 Nf6 4.
cxd5 exd5 5. Bg5 Be7 6. e3 c6 7. Bd3 h6 8. Bh4 O-O 9. Nf3 a5 10. O-O Na6 11. a3 Bg4 12. h3 Bxf3 13. Qxf3 Nc7 14.
Qd1 Ne6 15. Qc2 Rc8 16. Na4 Nd7 17. Bg3 b5 18. Nc3 Nb6 19. a4 b4 20. Ne2 c5 21.
dxc5 Nxc5 22. Bf5 Ne6 23. Qb3 Rc4 24. Bxe6 fxe6 25. Nd4 Qd7 26. Rfd1 Rfc8 27. Be5 Qe8 28. Qd3 Nd7 29. Bg3 Nc5 30. Qe2 Bf6 31. Nb5 Ne4 32. Qg4 Nc3 33. bxc3 Rxg4 34. Nd6 Rgc4 35. Nxe8 Rxe8 0-1

[Event "Early-Titled-Tuesday-Blitz-April-02-2024"]
[Site "Chess.com"]
[Date "2024.04.02"]
[Round "4"]
[White "PavelChernomordik"]
[Black "stolencandy13"]
[Result "0-1"]
[WhiteElo "2423"]
[BlackElo "2652"]
[TimeControl "180+1"]
[EndTime "8:38:21 PDT"]
[Termination "stolencandy13 won by resignation"]

1. e4 c6 2. Nc3 d5 3. Nf3 Bg4 4.
h3 Bxf3 5. Qxf3 Nf6 6. d3 e6 7. Qg3 g6 8. Be2 Bg7 9. Bf4 O-O 10. Bc7 Qc8 11. Be5 Nbd7 12. Bd6 Rd8 13. e5 Ne8 14.
Be7 Bxe5 15. f4 Bd4 16. Bxd8 Qxd8 17. O-O-O Qa5 18. Qe1 b5 19. a3 b4 20. Na2 c5 21.
Bf3 Rb8 22. c3 bxc3 23. Nxc3 Nb6 24. Nb1 Qb5 25. Nc3 Qb3 26. Qd2 Na4 27. Qc2 Be3+ 28. Rd2 Qxc2+ 29. Kxc2 Rxb2+ 0-1

[Event "Early-Titled-Tuesday-Blitz-April-02-2024"]
[Site "Chess.com"]
[Date "2024.04.02"]
[Round "4"]
[White "Kate1606"]
[Black "MIss_MIaMI"]
[Result "0-1"]
[WhiteElo "2156"]
[BlackElo "2367"]
[TimeControl "180+1"]
[EndTime "8:38:21 PDT"]
[Termination "MIss_MIaMI won on time"]

1. e4 c5 2. a3 e6 3. b4 b6 4. g3 Bb7 5. Bg2 Nf6 6. d3 cxb4 7. axb4 Bxb4+ 8. c3 Be7 9. Ne2 O-O 10. O-O d5 11. e5 Nfd7 12. d4 Nc6 13. f4 Na5 14. f5 exf5 15.
Rxf5 Qc8 16. Qf1 Nb3 17. Ra2 Nxc1 18. Nxc1 g6 19. Rf3 Bg5 20. Nd3 Ba6 21. Raf2 Qe8 22. h4 Bh6 23. g4 Rc8 24. g5 Bg7 25. Bh3 Rc7 26. Qd1 Bxd3 27. Qxd3 Nb8 28. Qe2 Re7 29. Na3 a6 30. Nc2 a5 31. Ne3 Qd8 32. Ng4 Rc7 33.
Nh6+ Bxh6 34. gxh6 Qxh4 35. Qf1 Qxh6 0-1

[Event "Early-Titled-Tuesday-Blitz-April-02-2024"]
[Site "Chess.com"]
[Date "2024.04.02"]
[Round "4"]
[White "GM_Levan_Pantsulaia"]
[Black "Vahe_Danielyan"]
[Result "0-1"]
[WhiteElo "2876"]
[BlackElo "2622"]
[TimeControl "180+1"]
[EndTime "8:38:23 PDT"]
[Termination "Vahe_Danielyan won by resignation"]

1. Nf3 d5 2. c4 e6 3. g3 Nf6 4.
Bg2 dxc4 5. Qa4+ Bd7 6. Qxc4 c5 7. Ne5 Qc8 8. Qd3 Bc6 9. Nxc6 Nxc6 10. Qb5 Be7 11. Bxc6+ bxc6 12. Qa4 e5 13. d3 h5 14. Bg5 Rb8 15. Nd2 Rxb2 16. Nc4 Rb4 17. Qxa7 e4 18.
Bxf6 gxf6 19. h4 exd3 20. exd3 Qe6+ 21. Kd2 O-O 22. Rhe1 Qd5 23. Rxe7 Rxc4 24. Qd7 Rd4 25. Qxd5 cxd5 26. Ke3 Ra8 27. Rc7 Re8+ 28. Kf3 Rxd3+ 29. Kg2 c4 30. a4 Re2 31. a5 Rdd2 32. Rf1 Ra2 33.
Rc5 Red2 34. Kf3 Kg7 35. Ke3 d4+ 36. Ke4 c3 37. f4 c2 38. a6 d3 0-1

[Event "Early-Titled-Tuesday-Blitz-April-02-2024"]
[Site "Chess.com"]
[Date "2024.04.02"]
[Round "4"]
[White "CarlosjPineror"]
[Black "colegiodemadrid"]
[Result "1-0"]
[WhiteElo "2682"]
[BlackElo "2519"]
[TimeControl "180+1"]
[EndTime "8:38:24 PDT"]
[Termination "CarlosjPineror won by resignation"]

1. e4 e5 2. Nf3 Nf6 3. Nc3 Nc6 4. Bb5 Nd4 5. Bc4 Nxf3+ 6. Qxf3 d6 7. d3 Be6 8. Bb3 Qd7 9. Bg5 Be7 10. h3 h6 11.
Bxf6 Bxf6 12. Bxe6 fxe6 13. Qh5+ Qf7 14. Qxf7+ Kxf7 15. Ke2 Rhf8 16. g3 c6 17. Raf1 Ke7 18. h4 Kd7 19. Nd1 d5 20. Ne3 Kd6 21. f4 exf4 22.
gxf4 Bd4 23. c3 Bxe3 24. Kxe3 Rae8 25. Rhg1 Rf7 26. Rg6 Kd7 27. Rfg1 Ree7 28. h5 Kc7 29. R1g4 Kd7 30. Kd4 Kc7 31. Ke5 Kd7 32. a4 b6 33.
b4 c5 34. b5 dxe4 35. dxe4 Ke8 36. Rxe6 Rxe6+ 37. Kxe6 Re7+ 38. Kd5 Kf7 39. Rg6 Rd7+ 40. Rd6 Re7 41. e5 Rc7 42. f5 Re7 43. c4 Rc7 44. e6+ Kf6 45. Rd7 Rc8 46. Rf7+ Kg5 47. Rxg7+ Kxf5 48. e7 Kf6 49. Rh7 Rg8 50. Kd6 1-0

[Event "Early-Titled-Tuesday-Blitz-April-02-2024"]
[Site "Chess.com"]
[Date "2024.04.02"]
[Round "4"]
[White "margarita_2703"]
[Black "ExchangeAB"]
[Result "1-0"]
[WhiteElo "2323"]
[BlackElo "2460"]
[TimeControl "180+1"]
[EndTime "8:38:24 PDT"]
[Termination "margarita_2703 won by resignation"]

1. e4 c6 2. d4 d5 3. e5 Bf5 4.
Ne2 e6 5. Ng3 Bg6 6. h4 h6 7. h5 Bh7 8. Bd3 Bxd3 9. cxd3 Ne7 10.
Qg4 Qd7 11. Nc3 Nf5 12. Be3 Na6 13. a3 c5 14. dxc5 Nxe3 15. fxe3 Nxc5 16. Rd1 f5 17.
exf6 gxf6 18. O-O f5 19. Qg6+ Qf7 20. Qxf7+ Kxf7 21. e4 Bd6 22. Nge2 dxe4 23. dxe4 Be5 24. exf5 Rad8 25. fxe6+ Kxe6 26. Rxd8 Rxd8 27. Nf4+ Bxf4 28. Rxf4 Rd2 29. Rg4 Kf5 30. Rg6 Rxb2 31. Rxh6 Kg5 32. Rh7 Rb3 33. Ne2 Ne4 34. Kh2 Nf6 35. Rg7+ Kxh5 36.
Nf4+ Kh6 37. Rg6+ Kh7 38. Rxf6 Rxa3 39. Rf7+ Kh6 40. Rxb7 a5 41. Ra7 Kg5 42. Ne6+ Kf6 43. Ra6 Ke5 44. g4 a4 45. Nc5 Kf4 46. Rg6 Ra2+ 47.
Kh3 Ra3+ 48. Kh4 Ra1 49. Ne6+ Ke5 50. Ng5 a3 51. Ra6 a2 52. Nh3 Kd5 53. g5 Kc5 54. Ra8 Kb6 55. Kg4 Kb7 56. Ra3 Kc7 57. g6 Kd7 58. g7 Rg1+ 59. Nxg1 a1=Q 60. Rxa1 1-0

[Event "Early-Titled-Tuesday-Blitz-April-02-2024"]
[Site "Chess.com"]
[Date "2024.04.02"]
[Round "4"]
[White "GoltsevDmitry2000"]
[Black "Robert_Chessmood"]
[Result "1/2-1/2"]
[WhiteElo "2820"]
[BlackElo "2972"]
[TimeControl "180+1"]
[EndTime "8:38:25 PDT"]
[Termination "Game drawn by repetition"]

1. e4 e5 2. Nf3 Nc6 3. Bb5 Nf6 4.
O-O Nxe4 5. d4 Nd6 6. Bxc6 dxc6 7. dxe5 Nf5 8. Qxd8+ Kxd8 9. Rd1+ Ke8 10. Bg5 Be6 11.
Nc3 h6 12. Bf4 Bb4 13. Ne2 Rd8 14. a3 Bc5 15. b4 Be7 16. Ned4 Nxd4 17. Nxd4 a6 18.
Nxe6 fxe6 19. Kf1 c5 20. c3 cxb4 21. cxb4 Kf7 22. Ke2 g5 23. Be3 Rd5 24. Rxd5 exd5 25. Bd4 Ke6 26. Rc1 c6 27. g3 Rf8 28. f3 Bd8 29. Ke3 Rf7 30. Kf2 Bc7 31. Rc2 Rf5 32. Re2 h5 33. h3 g4 34. hxg4 hxg4 35. f4 Rh5 36. Kg2 Bd8 37. Re1 Be7 38. Rc1 Rh8 39. Rf1 Kf5 40. Re1 Rh6 41. Re2 Bd8 42. Re1 Be7 43. Re2 Rh7 44. Re1 Rh6 1/2-1/2

[Event "Early-Titled-Tuesday-Blitz-April-02-2024"]
[Site "Chess.com"]
[Date "2024.04.02"]
[Round "4"]
[White "Journey_to_GrandMaster_YT"]
[Black "MNyuyu"]
[Result "0-1"]
[WhiteElo "2575"]
[BlackElo "2390"]
[TimeControl "180+1"]
[EndTime "8:38:26 PDT"]
[Termination "MNyuyu won by resignation"]

1. d4 d5 2. c4 e6 3. Nc3 Nf6 4.
cxd5 exd5 5. Bg5 Be7 6. e3 O-O 7. Bd3 c6 8. Nge2 Nbd7 9. Qc2 Re8 10. O-O Nf8 11. Rae1 Ne4 12. Bf4 f5 13. f3 Nxc3 14.
bxc3 g6 15. e4 fxe4 16. fxe4 dxe4 17. Bxe4 Be6 18. Be5 Bd6 19. Bf6 Qc7 20. g3 Be7 21.
Be5 Bd6 22. Nf4 Bxe5 23. dxe5 Bc4 24. Nd3 Bxd3 25. Bxd3 Re7 26. Bc4+ Ne6 27. Rf6 Rae8 28. Qb3 Qb6+ 29. Qxb6 axb6 30. Ref1 b5 31. Bb3 Kg7 32. Bxe6 Rxe6 33. Rf7+ Kh6 34. Rxb7 Rxe5 35. Rff7 Kg5 36. Rxh7 Re2 37. a3 Rc2 38. Rbe7 Rxe7 39. Rxe7 Rxc3 40. Ra7 Rc2 41. a4 b4 42. a5 b3 43. a6 b2 44. Rb7 Rc1+ 45. Kg2 b1=Q 46. Rxb1 Rxb1 47. h4+ Kg4 0-1

[Event "Early-Titled-Tuesday-Blitz-April-02-2024"]
[Site "Chess.com"]
[Date "2024.04.02"]
[Round "4"]
[White "kachsona"]
[Black "Massakru"]
[Result "1-0"]
[WhiteElo "2601"]
[BlackElo "2382"]
[TimeControl "180+1"]
[EndTime "8:38:28 PDT"]
[Termination "kachsona won on time"]

1. e4 e5 2. Nf3 Nc6 3. Bc4 Nf6 4. d3 h6 5. c3 d6 6. Nbd2 Be7 7. Bb3 g5 8. Nf1 Bg4 9. Ne3 Bh5 10. Nf5 Bg6 11.
Nxe7 Qxe7 12. h4 g4 13. Nh2 h5 14. Bg5 Nd8 15. O-O Ne6 16. Bxe6 Qxe6 17. f4 exf4 18.
Rxf4 Nh7 19. Qa4+ c6 20. Qd4 Kd7 21. Bf6 Rhg8 22. Nf1 Kc7 23. Ne3 b6 24. Nc4 c5 25.
Qf2 Rae8 26. Ne3 Kb7 27. Nd5 c4 28. dxc4 g3 29. Qd4 Bxe4 30. Re1 Bxd5 31. Rxe6 Bxe6 32. Qe4+ d5 33. Qxh7 Bd7 34. Qxf7 Re1+ 35. Rf1 Rxf1+ 36. Kxf1 1-0

[Event "Early-Titled-Tuesday-Blitz-April-02-2024"]
[Site "Chess.com"]
[Date "2024.04.02"]
[Round "4"]
[White "Fengwi"]
[Black "noblerone"]
[Result "0-1"]
[WhiteElo "2340"]
[BlackElo "2550"]
[TimeControl "180+1"]
[EndTime "8:38:28 PDT"]
[Termination "noblerone won by resignation"]

1. Nf3 d5 2. b3 Nf6 3. Bb2 Bf5 4. g3 e6 5. Bg2 Bc5 6. O-O O-O 7. d4 Bd6 8. c4 c6 9. Nc3 Nbd7 10. Nd2 a5 11. e4 dxe4 12. Ndxe4 Nxe4 13. Nxe4 Bxe4 14. Bxe4 Nf6 15.
Bc2 a4 16. bxa4 Be7 17. Rb1 Qa5 18. Qd3 Qh5 19. Bd1 Qh3 20. Bc3 Ra7 21. Qf3 Rd8 22. g4 Qh4 23. Qg3 Ne4 24. Qxh4 Bxh4 25. Ba1 Nd2 26. Bb3 Nxf1 27. Kxf1 Bf6 28. Rd1 b6 29. f4 Rad7 30. d5 Bxa1 31. Rxa1 exd5 32. cxd5 cxd5 0-1

[Event "Early-Titled-Tuesday-Blitz-April-02-2024"]
[Site "Chess.com"]
[Date "2024.04.02"]
[Round "4"]
[White "JoshuaGK27"]
[Black "Gabrielian_Artur"]
[Result "0-1"]
[WhiteElo "2533"]
[BlackElo "2803"]
[TimeControl "180+1"]
[EndTime "8:38:29 PDT"]
[Termination "Gabrielian_Artur won by resignation"]

1. e4 c5 2. Nf3 d6 3. d4 cxd4 4. Nxd4 Nf6 5. Bd3 Nc6 6. Be3 g6 7. h3 Bg7 8. c4 O-O 9. Nc3 Nxd4 10. Bxd4 Bd7 11. O-O Bc6 12. Re1 Nd7 13. Bxg7 Kxg7 14.
Rc1 a5 15. b3 Nc5 16. Bf1 Ne6 17. a3 Qb6 18. Rb1 Nd4 19. b4 axb4 20. axb4 Ra3 21. b5 Rxc3 22. bxc6 Rb3 23. cxb7 e5 24. Rxb3 Nxb3 25.
Qd5 Nc5 26. Rd1 Nxb7 27. Qb5 Qc7 28. Qa6 Rd8 29. Rb1 Nc5 30. Qb6 Qxb6 31. Rxb6 Nxe4 32. g3 Nc5 33. Bg2 e4 34. Rb1 f5 35. Rd1 Kf6 36. Kf1 Ke7 37. Ke2 Ra8 38. Rd2 Ra3 39. Rc2 h5 40. h4 Ne6 41. Rd2 Rc3 42. f3 e3 43. Ra2 Nd4+ 44. Kd1 e2+ 45. Kd2 Rxc4 46.
f4 Rc1 47. Ke3 e1=Q+ 0-1

[Event "Early-Titled-Tuesday-Blitz-April-02-2024"]
[Site "Chess.com"]
[Date "2024.04.02"]
[Round "4"]
[White "Shahdad2007"]
[Black "Aalessia"]
[Result "0-1"]
[WhiteElo "2588"]
[BlackElo "2415"]
[TimeControl "180+1"]
[EndTime "8:38:32 PDT"]
[Termination "Aalessia won on time"]

1. Nf3 g6 2. g3 Bg7 3. Bg2 c5 4. O-O Nc6 5. c4 Nf6 6. Nc3 O-O 7. d4 cxd4 8. Nxd4 Nxd4 9. Qxd4 d6 10. Qd3 a6 11. b3 Rb8 12. a4 Bf5 13. e4 Be6 14. Bb2 Nd7 15. Rad1 Nc5 16. Qc2 Re8 17. b4 Nd7 18.
Nd5 Bxb2 19. Qxb2 Ne5 20. Qd4 Nc6 21. Qc3 Bd7 22. f4 Rc8 23. f5 Ne5 24. c5 Bxa4 25.
Rd2 Bb5 26. Rfd1 a5 27. fxg6 hxg6 28. Kh1 axb4 29. Nxb4 Qa5 30. Ra1 Rxc5 31. Rxa5 Rxc3 32. Rxb5 Rc1+ 33. Bf1 Rxf1+ 34. Kg2 Rb1 35. Rxb7 Nc6 36.
Rc2 Rxb4 37. Rd7 Ne5 38. Ra7 Rxe4 39. h4 Re3 40. Rcc7 Re2+ 41. Kh3 Nf3 42. Kg4 Nh2+ 43. Kg5 Kg7 0-1

[Event "Early-Titled-Tuesday-Blitz-April-02-2024"]
[Site "Chess.com"]
[Date "2024.04.02"]
[Round "4"]
[White "Aureliano-Buendia"]
[Black "yuriydovzik"]
[Result "1-0"]
[WhiteElo "2483"]
[BlackElo "2120"]
[TimeControl "180+1"]
[EndTime "8:38:32 PDT"]
[Termination "Aureliano-Buendia won on time"]

1. d4 Nf6 2. Nf3 e6 3. Bf4 c5 4. e3 Qb6 5. Nc3 a6 6. a3 d5 7.
Bd3 c4 8. Be2 Bd6 9. Bxd6 Qxd6 10.
Ne5 Nbd7 11. f4 b5 12. O-O Bb7 13. Bf3 O-O 14. Qe1 Ne4 15. Bxe4 dxe4 16. Nxd7 Qxd7 17.
Qh4 f5 18. g4 Qd8 19. Qxd8 Rfxd8 20. gxf5 exf5 21. Ne2 g6 22. Kf2 Kf7 23. h4 h6 24.
Rg1 Kf6 25. Rg2 Rg8 26. Rag1 Rg7 27. Ke1 Rag8 28. Kd2 a5 29. Ng3 Bd5 30. Kd1 b4 31.
axb4 axb4 32. Kd2 Ra7 33. h5 g5 34. fxg5+ Rxg5 35. Ne2 Rag7 36. Nf4 Rxg2+ 37. Rxg2 Rxg2+ 38. Nxg2 Kg5 39. Nf4 Bf7 40. d5 1-0

[Event "Early-Titled-Tuesday-Blitz-April-02-2024"]
[Site "Chess.com"]
[Date "2024.04.02"]
[Round "4"]
[White "Christ_is_alive"]
[Black "tarno17"]
[Result "1-0"]
[WhiteElo "2342"]
[BlackElo "2147"]
[TimeControl "180+1"]
[EndTime "8:38:32 PDT"]
[Termination "Christ_is_alive won on time"]

1. e4 c5 2. Nf3 e6 3. d4 cxd4 4.
Nxd4 a6 5. Bd3 Qc7 6. c4 Nf6 7. Nc3 Bb4 8. Qb3 Bc5 9. Nce2 Nc6 10. Nxc6 dxc6 11. Bg5 Ng4 12. Bh4 e5 13. h3 Nf6 14.
Bxf6 gxf6 15. Ng3 Be6 16. Be2 Qa5+ 17. Kf1 Qc7 18. Qf3 O-O-O 19. Qxf6 Rhg8 20. Rd1 Rxd1+ 21. Bxd1 Rd8 22. Bg4 Qd7 23. Bxe6 fxe6 24. Kg1 Rf8 25. Qxe5 Rxf2 26. Qxc5 1-0

[Event "Early-Titled-Tuesday-Blitz-April-02-2024"]
[Site "Chess.com"]
[Date "2024.04.02"]
[Round "4"]
[White "vladgoncharov"]
[Black "CSB7"]
[Result "0-1"]
[WhiteElo "2583"]
[BlackElo "2774"]
[TimeControl "180+1"]
[EndTime "8:38:34 PDT"]
[Termination "CSB7 won on time"]

1. d4 Nf6 2. c4 a6 3. Nc3 b5 4. cxb5 axb5 5. Nxb5 e5 6. Nc3 Bb4 7. dxe5 Ne4 8. Qd4 Ra4 9. Qd3 d5 10. exd6 O-O 11. Bd2 Bf5 12. Qd5 Bg6 13. Rd1 Bxc3 14. Bxc3 cxd6 15. h4 Nxc3 16. bxc3 Qc7 17. Qb3 Ra5 18. Rh3 Nd7 19. g4 Rb8 20. h5 Rxb3 21. axb3 Bc2 22. Rc1 Bxb3 23. Bg2 Ne5 24. Re3 h6 25. f3 Qc5 26. Kf2 Nc4 0-1

[Event "Early-Titled-Tuesday-Blitz-April-02-2024"]
[Site "Chess.com"]
[Date "2024.04.02"]
[Round "4"]
[White "DefenceWinsChampionships"]
[Black "Blackwhite017"]
[Result "1-0"]
[WhiteElo "2318"]
[BlackElo "2075"]
[TimeControl "180+1"]
[EndTime "8:38:34 PDT"]
[Termination "DefenceWinsChampionships won on time"]

1. e4 c5 2. c3 Nf6 3. e5 Nd5 4.
d4 cxd4 5. Nf3 Nc6 6. cxd4 d6 7.
Bc4 Nb6 8. Bb3 dxe5 9. d5 Na5 10. Nc3 Nxb3 11. Qxb3 e6 12. dxe6 Bxe6 13. Qb5+ Qd7 14. Qxe5 Bd6 15. Qxg7 O-O-O 16. Be3 Rhg8 17. Qd4 Rxg2 18. Ne4 Rg4 19. Nxd6+ Qxd6 20. Qxd6 Rxd6 21. Rc1+ Kb8 22. Ne5 Rb4 23. Rg1 1-0